 Dungeon Crawl Stone Soup version 0.28.0-62-gf88900778d (webtiles) character file.

Game seed: 2186904290801945314

361 cbfl8 the Skirmisher (level 6, 0/48 HPs)
             Began as a Demonspawn Fighter on July 4, 2023.
             Slain by an ufetubus (3 damage)
             ... on level 6 of the Dungeon.
             The game lasted 00:04:02 (5140 turns).

cbfl8 the Skirmisher (Demonspawn Fighter)           Turns: 5140, Time: 00:04:02

Health: 0/48       AC: 11    Str: 14    XL:     6   Next: 38%
Magic:  8/8        EV:  7    Int: 10    God:
Gold:   158        SH: 11    Dex: 14    Spells: 5/5 levels left

rFire   + . .      SeeInvis +   a - +0 war axe
rCold   + . .      Faith    .   k - +2 kite shield {AC+3}
rNeg    . . .      Spirit   .   h - +0 scale mail
rPois   +          Reflect  .   (helmet restricted)
rElec   +          Harm     .   j - +0 cloak
rCorr   +          Rampage  .   (no gloves)
Will    +....                   (no boots)
Stlth   ..........              (no amulet)
HPRegen 0.16/turn               f - ring of see invisible
MPRegen 0.11/turn               (no ring)

@: resistant
A: antennae 2, powered by death 1, strong-willed 1, weak 1, wild magic 1
a: no special abilities


You were on level 6 of the Dungeon.
You visited 1 branch of the dungeon, and saw 6 of its levels.

You collected 158 gold pieces.

Inventory:

Hand Weapons
 a - a +0 war axe (weapon)
Armour
 h - a +0 scale mail (worn)
 j - a +0 cloak (worn)
 k - a +2 kite shield of protection (worn)
Jewellery
 f - a ring of see invisible (left hand)
Scrolls
 e - 2 scrolls of fog
Potions
 g - a potion of resistance


   Skills:
 + Level 3.7 Fighting
 + Level 3.5 Axes
 * Level 0.4 Throwing
 + Level 3.4 Armour
 - Level 1.1 Dodging
 + Level 0.3 Stealth
 + Level 3.2 Shields
 * Level 2.7 Invocations
 * Level 2.2 Evocations


You had 5 spell levels left.
You didn't know any spells.
Your spell library contained the following spells:

 Spells                   Type           Power      Damage    Failure   Level
 Fulminant Prism          Conj/Hex       0%         3d6       100%        4
 Iskenderun's Mystic Bla  Conj/Tloc      0%         2d3       100%        4
 Lee's Rapid Deconstruct  Erth           0%         3d5*      100%        5


Dungeon Overview and Level Annotations

Branches:
Dungeon (6/15)
 Temple: D:4-7

Altars:
Gozag

Annotations:
D:4 Pikel


Innate Abilities, Weirdness & Mutations

You have a pair of antennae on your head.
You regenerate a little health from kills.
You are strong-willed. (Will+)
You are weak. (Str -2)
Your spells are a little harder to cast, but a little more powerful.


Message History

You block the lemure's attack.
You slash the adder!
You kill the adder!
You hit the lemure but do no damage. You block the lemure's attack.
You hit the lemure.
The lemure is severely wounded.
The lemure hits you. You block the lemure's attack.
You closely miss the lemure.
The lemure is severely wounded.
The lemure barely misses you.
You barely miss the lemure.
The lemure is severely wounded.
The lemure hits you.
* * * LOW HITPOINT WARNING * * *
The lemure hits you.
* * * LOW HITPOINT WARNING * * *
You hit the lemure but do no damage.
The lemure is severely wounded.
The lemure hits you but does no damage. x2
You barely miss the lemure.
The lemure is severely wounded.
The lemure hits you.
* * * LOW HITPOINT WARNING * * *
You hit the lemure.
The lemure is severely wounded.
The lemure hits you.
* * * LOW HITPOINT WARNING * * *
The lemure hits you.
* * * LOW HITPOINT WARNING * * *
You hit the lemure.
You kill the lemure!
That felt strangely unrewarding.
You block the ufetubus's attack. The ufetubus hits you.
* * * LOW HITPOINT WARNING * * *
The ufetubus hits you but does no damage. x2
You miss the ufetubus. The ufetubus hits you.
* * * LOW HITPOINT WARNING * * *
You block the ufetubus's attack. The ufetubus barely misses you.
The ufetubus hits you.
You die...

#.# #.#
#.# #!#
#.# #.#
#####
#5#.....#
#@......#
#########
{


You could see an ufetubus.

Vanquished Creatures
  2 lemures
  2 phantoms
  2 orc priests (D:4)
  An iguana (D:4)
  5 adders
  A worm (D:3)
  3 dart slugs (D:3)
  2 orcs (D:4)
  12 endoplasms
  3 giant cockroaches
  4 goblins
  7 hobgoblins
  3 jackals (D:2)
  6 quokkas
  4 ball pythons
  2 bats
  2 frilled lizards (D:1)
  9 kobolds
  7 rats
77 creatures vanquished.

Notes
Turn   | Place    | Note
-------+----------+-------------------------------------------
     0 | D:1      | cbfl8 the Demonspawn Fighter began the quest for the Orb.
     0 | D:1      | Reached XP level 1. HP: 18/18 MP: 1/1
   271 | D:1      | Gained mutation: You have a pair of small antennae on your
                  | head. [demonic ancestry]
   271 | D:1      | Reached XP level 2. HP: 19/24 MP: 2/2
  1013 | D:2      | Gained mutation: You sometimes lose the ability to read
                  | scrolls when taking damage. [potion of mutation]
  1461 | D:2      | Gained mutation: You have a pair of antennae on your head.
                  | [demonic ancestry]
  1461 | D:2      | Reached XP level 3. HP: 27/29 MP: 3/3
  2591 | D:3      | Found a faded altar of an unknown god.
  2803 | D:3      | Noticed a phantom
  2814 | D:2      | Lost mutation: You sometimes lose the ability to read
                  | scrolls when taking damage. [potion of mutation]
  2814 | D:2      | Gained mutation: You are weak. (Str -2) [potion of
                  | mutation]
  2814 | D:2      | Gained mutation: You are strong-willed. (Will+) [potion of
                  | mutation]
  2814 | D:2      | Gained mutation: Your spells are a little harder to cast,
                  | but a little more powerful. [potion of mutation]
  3022 | D:3      | Killed a phantom
  3023 | D:3      | Reached skill level 1 in Invocations
  3023 | D:3      | Reached skill level 1 in Evocations
  3023 | D:3      | Gained mutation: You regenerate a little health from kills.
                  | [demonic ancestry]
  3023 | D:3      | Reached XP level 4. HP: 23/35 MP: 3/5
  3282 | D:3      | Reached XP level 5. HP: 37/41 MP: 6/6
  3478 | D:3      | Found an opulent altar of Gozag.
  4130 | D:4      | Noticed a phantom
  4142 | D:4      | Killed a phantom
  4143 | D:4      | Reached skill level 1 in Dodging
  4226 | D:4      | Reached XP level 6. HP: 41/48 MP: 7/7
  4672 | D:5      | Entered Level 5 of the Dungeon
  4672 | D:5      | Noticed Pikel
  5140 | D:6      | Slain by an ufetubus

Illustrated notes

Levels and vault maps discovered:
D:1:      dpeg_arrival_simpleton_c, layout_basic
D:2:      layout_loops_corners, minivault_25
D:3:      kennysheep_slugbush, layout_basic, grunt_gozag_breadcrumbs,
          ebering_ecumenical_altar_abandoned
D:4:      layout_basic
D:5:      cheibrodos_barr_body, layout_cave_pools, serial_shops,
          nicolae_shop_temple_entry_statues_fountains, chequers_garden,
          grunt_tough_drop, uniq_menkaure, uniq_edmund, uniq_pikel,
          uniq_eustachio
D:6:      minmay_angry_zag, layout_basic,
          chequers_temple_overflow_statue_of_worship, st_stairs_1

Skill      XL: |  1  2  3  4  5 |
---------------+----------------+-----
Axes           | 2 3 |  3.5
Armour         | 3 |  3.4
Shields        | 3 |  3.2
Invocations    | 1 2 |  2.7
Evocations     | 1 2 |  2.2
Dodging        | 1 |  1.1
Fighting       | |  3.7
Throwing       | |  0.4
Stealth        | |  0.3

Action                   |  1- 3 |  4- 6 || total
-------------------------+-------+-------++-------
Melee: War axe           |   124 |   153 ||   277
  Use: Scroll            |     4 |     4 ||     8
       Potion            |     3 |     5 ||     8
Armor: Scale mail        |    55 |    88 ||   143
Dodge: Dodged            |    43 |    66 ||   109
Block: Buckler           |    36 |     1 ||    37
       Kite shield       |       |    98 ||    98
